 Dungeon Crawl Stone Soup version 0.31-a0-83-gbff143cfd1 (webtiles) character file.

Game seed: 14230662778973354159

6879 MackTheKnife the Thaumaturge (level 11, -2/82 HPs)
             Began as a Djinni Cinder Acolyte on May 24, 2023.
             Was an Elder of Ignis.
             Slain by Prince Ribbit (7 damage)
             ... on level 9 of the Dungeon.
             The game lasted 00:15:25 (10350 turns).

MackTheKnife the Thaumaturge (DjCA)                Turns: 10350, Time: 00:15:26

Health: -2/82      AC:  8    Str: 19    XL:     11   Next: 26%
Gold:   323        EV: 11    Int: 20    God:    Ignis [****..] SH:  0 Dex:  9

rFire   + + +        e - staff of fire {!astaff}
rCold   . . .        (no shield)
rNeg    . . .        C - +2 robe of Light {rC+ Will+ rCorr}
rPois   ∞            r - +0 helmet
rElec   .            u - +2 cloak
rCorr   +            (no gloves)
SInv    .            (boots unavailable)
Will    ++...        (no amulet)
Stlth   +            j - ring of resist corrosion
HPRegen 0.33/turn    y - +6 ring of strength
MPRegen 0.00/turn

%: infuse magic (-3 HP)
@: flying
A: sickness immunity, fire resistance 2, cold vulnerability 1, float, innate
caster, HP casting, extra vitality 1
a: Renounce Religion, Fiery Armour, Foxfire Swarm


You were on level 9 of the Dungeon.
You worshipped Ignis.
Ignis was greatly pleased with you.
You visited 2 branches of the dungeon, and saw 11 of its levels.

You collected 413 gold pieces.
You spent 90 gold pieces at shops.


Innate Abilities, Weirdness & Mutations

You are immune to sickness and miasma.
You are immune to poison.
Your flesh is very heat resistant. (rF++)
You are vulnerable to cold. (rC-)
You float through the air rather than walking.
You learn spells naturally, not from books.
Your magical power is your life essence.
You have superior vitality. (+4 MHP)


   Skills:
 + Level 8.4 Fighting
 - Level 2.6 Short Blades
 - Level 11.3 Spellcasting
 - Level 11.3 Conjurations
 - Level 11.3 Hexes
 - Level 11.3 Summonings
 - Level 11.3 Necromancy
 - Level 11.3 Translocations
 - Level 11.3 Transmutations
 - Level 11.3 Fire Magic
 - Level 11.3 Ice Magic
 - Level 11.3 Air Magic
 - Level 11.3 Earth Magic
 - Level 11.3 Poison Magic


You knew the following spells:

 Your Spells              Type           Power      Damage    Failure   Level
a - Scorch                Fire           100%       2d9       1%          2
b - Slow                  Hex            100%       N/A       1%          1
c - Blink                 Tloc           100%       N/A       1%          2
d - Swiftness             Air            54%        N/A       1%          3
e - Ozocubu's Armour      Ice            54%        N/A       1%          3
f - Arcjolt               Conj/Air       25%        1d35      3%          5
Your spell library was empty.

Inventory:

Hand Weapons
 o - a +2 whip of flaming {mace}
   (You took it off an orc on level 9 of the Dungeon)
 p - a +2 dagger of draining {short}
   (You took it off a goblin on level 4 of the Dungeon)
 q - a +4 scimitar {long}
   (You took it off a wight on level 8 of the Dungeon)
 t - a +0 dagger of freezing {short}
   (You found it on level 8 of the Dungeon)
 D - a +2 halberd of freezing {polearm}
   (You took it off a wight on level 9 of the Dungeon)
Armour
 r - a +0 helmet (worn)
   (You took it off Robin on level 4 of the Dungeon)
 u - a +2 cloak (worn)
   (You took it off Crazy Yiuf on level 4 of the Dungeon)
 C - the +2 robe of Light (worn) {rC+ Will+ rCorr}
   (You found it on level 6 of the Dungeon)

   rC:        It protects you from cold.
   rCorr:     It protects you from acid and corrosion.
   Will:      It increases your willpower.
 G - +0 pearl dragon scales {rare=g}
   (You found it on level 9 of the Dungeon)
Magical Staves
 e - a staff of fire (weapon) {!astaff}
   (You found it on level 7 of the Dungeon)
Jewellery
 c - a ring of wizardry
   (You found it on level 7 of the Dungeon)
 j - a ring of resist corrosion (left hand)
   (You found it on level 2 of the Dungeon)
 y - a +6 ring of strength (right hand)
   (You found it on level 5 of the Dungeon)
Wands
 A - a wand of flame (12)
   (You found it on level 6 of the Dungeon)
 B - a wand of paralysis (1)
   (You took it off Maurice on level 8 of the Dungeon)
Scrolls
 a - a scroll of teleportation {@r4}
 f - 4 scrolls of vulnerability {!r!r}
 g - 2 scrolls of poison
 s - a scroll of magic mapping {!r}
 w - a scroll of torment {!r}
 F - 2 scrolls of enchant armour {unknown}
Potions
 b - 2 potions of mutation {!q}
 h - 3 potions of magic
 k - a potion of haste {@q3}
 l - 2 potions of brilliance {unknown}
 m - 2 potions of curing {@q1}
 n - 3 potions of might {unknown}
 v - a potion of degeneration {unknown}
 x - 3 potions of enlightenment
 z - a potion of attraction {unknown}
 H - a potion of heal wounds {unknown}
Miscellaneous
 E - a tin of tremorstones (1/2) {throwing}
   (You found it on level 9 of the Dungeon)

Dungeon Overview and Level Annotations

Branches:
Dungeon (10/15) Zot: 26770  Temple (1/1) D:6 Zot: 5920    Lair (0/5) D:8
    Orc (0/2) D:9

Altars:
Ashenzari
Cheibriados
Fedhas
Nemelex Xobeh
Trog
Uskayaw
Xom
Zin

Shops:
D:9 [

Annotations:
D:4 2 transporters, lmonn's ghost, amateur MiBe
D:9 Prince Ribbit
D:10 Sonja

#......# #......#
######### #......#
#........ ####
#......# #........
...########......#
+........
.#............ol.+
#........
.........##.....J#
#........
...≈≈≈≈≈...o..oFo#
#........
..##≈≈≈≈≈≈..o...@#
########'
##.#####≈≈≈.o....#
###.
≈##.##.#≈≈≈≈..J..#
#####...
≈≈##...#≈≈≈≈..####
#.....##
≈≈≈###.#≈≈≈≈≈J#
#.#####
≈≈≈≈≈#.######.##
###.######
≈≈≈≈≈#.........####
#.........
≈≈≈≈≈#.######.....#
###.........
≈#####.#≈≈≈≈≈.....#
##...........


You could see 3 slime creatures, Prince Ribbit (ally target), a friendly wyvern
(summoned), 3 friendly orc wizards and 3 friendly orcs.


Message History

There is a stone staircase leading up here. 😱 HP[+1]
You start resting.
You feel your willpower return. 😱 HP[+5]
You regained 5 hp, and now have 17/81 hp.
You start resting. 😎 HP[+64]
Your hp is fully restored (81).
Unknown command.
You fly upwards.
Level annotation: Prince Ribbit
There is a stone staircase leading down here.
You can't see any susceptible monsters within range! (Use Z to cast anyway.) Prince Ribbit hops awkwardly around.
You feel a surge of power!
Flames lash the slime creature.
The slime creature's fire resistance burns away.
Prince Ribbit blinks! 😕 HP[-2]
You take 2 damage, and now have 79/81 hp.
You feel a surge of power!
Flames lash the slime creature.
The slime creature is burned terribly! 😕 HP[-1]
You take 1 damage, and now have 78/81 hp.
Casting: Scorch (safe; 1% risk of failure)
Confirm with . or Enter, or press ? or * to list all spells.
Okay, then.
Unknown command.
Casting: Scorch (safe; 1% risk of failure)
Confirm with . or Enter, or press ? or * to list all spells.
Electricity surges outward!
The slime creature is struck by an electric surge.
The slime creature hits you but does no damage. 😕 HP[-5]
You take 5 damage, and now have 73/81 hp.
Casting: Arcjolt (dangerous; 3% risk of failure)
Confirm with . or Enter, or press ? or * to list all spells.
Electricity surges outward!
The slime creature is struck by an electric surge!!
The slime creature hits you! 😮 HP[-20]
You take 20 damage, and now have 53/81 hp.
MASSIVE DAMAGE!! (PAUSE) Prince Ribbit blinks!
The slime creature hits you.
You fly downwards.
There is a stone staircase leading up here. 😮 HP[-2]
You take 2 damage, and now have 51/81 hp.
Casting: Arcjolt (dangerous; 3% risk of failure)
Confirm with . or Enter, or press ? or * to list all spells.
Electricity surges outward!
The slime creature is struck by an electric surge!
You hear a shout!
The slime creature hits you!
* * * LOW HITPOINT WARNING * * *
😨 HP[-18]
You take 18 damage, and now have 33/81 hp.
MASSIVE DAMAGE!! (PAUSE)
Casting: Arcjolt (dangerous; 3% risk of failure)
Confirm with . or Enter, or press ? or * to list all spells.
Electricity surges outward!
The slime creature is struck by an electric surge!!
You kill the slime creature!
* * * LOW HITPOINT WARNING * * *
😨 HP[-4]
You now have 82 max hp (+1).
You take 4 damage, and now have 29/82 hp.
Unknown command.
You start resting.
Sonja, the Graceful Assassin comes into view.
She is wielding a +1 dagger of distortion and quivering curare-tipped darts. 😨 HP[+1] Sonja gestures wildly while chanting.
Sonja blinks!
You fly upwards.
Level annotation: Prince Ribbit Prince Ribbit hits you!
* * * LOW HITPOINT WARNING * * *
The slime creature hits you.
* * * LOW HITPOINT WARNING * * *
Prince Ribbit hits you but does no damage.
The slime creature hits you!
* * * LOW HITPOINT WARNING * * *
There is a stone staircase leading down here. 😱 HP[-24]
You take 24 damage, and now have 6/82 hp.
MASSIVE DAMAGE!! (PAUSE)
Okay, then.
Okay, then.
As you read the scroll of summoning, it crumbles to dust.
Wisps of shadow whirl around you...
The slime creature quivers.
Prince Ribbit hits you but does no damage.
The slime creature barely misses you. Prince Ribbit hits you.
* * * LOW HITPOINT WARNING * * *
😱 HP[-2]
You take 2 damage, and now have 4/82 hp.
Unknown command.
Unknown command.
You swap places.
Prince Ribbit hits you!
You die...

Skill      XL: |  1  2  3  4  5  6  7  8  9 10 11 |
---------------+----------------------------------+-----
Spellcasting   | 3 4 6 8 11 | 11.3
Conjurations   | 3 4 6 8 11 | 11.3
Hexes          | 3 4 6 8 11 | 11.3
Summonings     | 3 4 6 8 11 | 11.3
Necromancy     | 3 4 6 8 11 | 11.3
Translocations | 3 4 6 8 11 | 11.3
Transmutations | 3 4 6 8 11 | 11.3
Fire Magic     | 3 4 6 8 11 | 11.3
Ice Magic      | 3 4 6 8 11 | 11.3
Air Magic      | 3 4 6 8 11 | 11.3
Earth Magic    | 3 4 6 8 11 | 11.3
Poison Magic   | 3 4 6 8 11 | 11.3
Fighting       | 5 6 8 |  8.4
Short Blades   | |  2.6

Action                     |  1- 3 |  4- 6 |  7- 9 | 10-12 || total
---------------------------+-------+-------+-------+-------++-------
  Melee: Short sword       |    23 |     2 |       |       ||    25
         Dagger            |       |       |    36 |       ||    36
         Punch             |       |       |     1 |       ||     1
   Cast: Scorch            |    25 |    60 |   155 |   119 ||   359
         Slow              |       |       |     3 |     3 ||     6
         Blink             |       |       |     1 |       ||     1
         Ozocubu's Armour  |       |       |       |     3 ||     3
         Arcjolt           |       |       |       |    10 ||    10
         Swiftness         |       |       |       |     1 ||     1
 Invoke: Fiery Armour      |       |       |     2 |       ||     2
         Foxfire Swarm     |       |       |     1 |       ||     1
         Rising Flame      |       |       |     1 |       ||     1
  Evoke: Wand              |       |       |       |    16 ||    16
         Tin of tremorston |       |       |       |     1 ||     1
    Use: Scroll            |       |       |       |    19 ||    19
         Potion            |       |       |       |     3 ||     3
 Armour: Robe              |     3 |       |     6 |    42 ||    51
         Leather armour    |     4 |     5 |    62 |       ||    71
  Dodge: Dodged            |    10 |    14 |    93 |    88 ||   205

Levels and vault maps discovered:
D:1:      wander_arrival_peaceful_grave, layout_rooms
D:2:      layout_rooms
D:3:      layout_loops_cross, nicolae_eternal_life, minmay_pentomino_pile,
          uniq_grinder
D:4:      layout_rooms, gammafunk_ghost_arena, serial_glass, glass_columns_b,
          glass_columns_a, uniq_crazy_yiuf_cottage, uniq_robin
D:5:      layout_loops_cross, fedhas_ov_isle_minmay, kb_lookout_dungeons_type,
          chequers_serial_rivers_marsh
D:6:      layout_rooms, zin_purify, nemelex_dance_club_becter,
          minmay_temple_entry_waves, portal_sewer_entry_a,
          minmay_misc_feat_pillars, minmay_checkerbox
D:7:      layout_basic, kennysheep_generic_room_6
D:8:      layout_rooms, mainiacjoe_overflow_chevrons, trog_butcher_becter,
          lair_entry_dummy, uniq_maurice, uniq_psyche, uniq_joseph
D:9:      layout_roguey, mainiacjoe_overflow_concentric_impassable,
          grunt_temple_overflow_diamond, orc_david_3, grunt_decor_junction,
          uniq_prince_ribbit1
D:10:     layout_basic, minmay_hollow_rounded_squares, uniq_sonja
Temple:   nicolae_temple_bog_church

Notes
Turn   | Place    | Note
-------+----------+-------------------------------------------
     0 | D:1      | MackTheKnife the Djinni Cinder Acolyte began the quest for
                  | the Orb.
     0 | D:1      | MackTheKnife set off with the following spells memorised:
                  | Scorch.
     0 | D:1      | Reached XP level 1. HP: 20/20 MP: 0/0
     0 | D:1      | magus.rc [v1.9.6]
   300 | D:1      | Reached XP level 2. HP: 25/25 MP: 0/0
   617 | D:2      | Reached XP level 3. HP: 27/30 MP: 0/0
   617 | D:2      | Learned a level 1 spell: Slow
   763 | D:2      | Reached skill level 3 in Spellcasting
   763 | D:2      | Reached skill level 3 in Conjurations
   763 | D:2      | Reached skill level 3 in Hexes
   763 | D:2      | Reached skill level 3 in Summonings
   763 | D:2      | Reached skill level 3 in Necromancy
   763 | D:2      | Reached skill level 3 in Translocations
   763 | D:2      | Reached skill level 3 in Transmutations
   763 | D:2      | Reached skill level 3 in Fire Magic
   763 | D:2      | Reached skill level 3 in Ice Magic
   763 | D:2      | Reached skill level 3 in Air Magic
   763 | D:2      | Reached skill level 3 in Earth Magic
   763 | D:2      | Reached skill level 3 in Poison Magic
   763 | D:2      | Reached XP level 4. HP: 23/37 MP: 0/0
  1050 | D:2      | Reached skill level 4 in Fighting
  1335 | D:3      | Noticed Grinder
  1338 | D:3      | Paralysed by Grinder for 4 turns
  1344 | D:3      | HP: 6/37 [Grinder (9)]
  1345 | D:3      | Paralysed by Grinder for 2 turns
  1347 | D:3      | Killed Grinder
  1348 | D:3      | Reached skill level 5 in Fighting
  1348 | D:3      | Reached XP level 5. HP: 3/43 MP: 0/0
  1348 | D:3      | Learned a level 2 spell: Blink
  1348 | D:3      | Reached XP level 6. HP: 3/49 MP: 0/0
  1586 | D:3      | Reached skill level 4 in Spellcasting
  1586 | D:3      | Reached skill level 4 in Conjurations
  1586 | D:3      | Reached skill level 4 in Hexes
  1586 | D:3      | Reached skill level 4 in Summonings
  1586 | D:3      | Reached skill level 4 in Necromancy
  1586 | D:3      | Reached skill level 4 in Translocations
  1586 | D:3      | Reached skill level 4 in Transmutations
  1586 | D:3      | Reached skill level 4 in Fire Magic
  1586 | D:3      | Reached skill level 4 in Ice Magic
  1586 | D:3      | Reached skill level 4 in Air Magic
  1586 | D:3      | Reached skill level 4 in Earth Magic
  1586 | D:3      | Reached skill level 4 in Poison Magic
  2496 | D:4      | Reached XP level 7. HP: 31/54 MP: 0/0
  2496 | D:4      | Learned a level 3 spell: Swiftness
  2767 | D:4      | Noticed Robin
  2802 | D:4      | Killed Robin
  2808 | D:4      | Reached skill level 6 in Fighting
  2933 | D:4      | Found a transporter.
  2963 | D:4      | Noticed lmonn's ghost (amateur MiBe)
  2966 | D:4      | Found a transporter.
  3102 | D:4      | Found a runed translucent door.
  3103 | D:4      | Noticed Crazy Yiuf
  3176 | D:4      | Killed Crazy Yiuf
  3266 | D:5      | Entered Level 5 of the Dungeon
  3492 | D:5      | Reached XP level 8. HP: 33/62 MP: 0/0
  3497 | D:5      | Reached skill level 5 in Spellcasting
  3497 | D:5      | Reached skill level 5 in Conjurations
  3497 | D:5      | Reached skill level 5 in Hexes
  3497 | D:5      | Reached skill level 5 in Summonings
  3497 | D:5      | Reached skill level 5 in Necromancy
  3497 | D:5      | Reached skill level 5 in Translocations
  3497 | D:5      | Reached skill level 5 in Transmutations
  3497 | D:5      | Reached skill level 5 in Fire Magic
  3497 | D:5      | Reached skill level 5 in Ice Magic
  3497 | D:5      | Reached skill level 5 in Air Magic
  3497 | D:5      | Reached skill level 5 in Earth Magic
  3497 | D:5      | Reached skill level 5 in Poison Magic
  3727 | D:5      | Found a blossoming altar of Fedhas.
  4368 | D:5      | Reached skill level 6 in Spellcasting
  4368 | D:5      | Reached skill level 6 in Conjurations
  4368 | D:5      | Reached skill level 6 in Hexes
  4368 | D:5      | Reached skill level 6 in Summonings
  4368 | D:5      | Reached skill level 6 in Necromancy
  4368 | D:5      | Reached skill level 6 in Translocations
  4368 | D:5      | Reached skill level 6 in Transmutations
  4368 | D:5      | Reached skill level 6 in Fire Magic
  4368 | D:5      | Reached skill level 6 in Ice Magic
  4368 | D:5      | Reached skill level 6 in Air Magic
  4368 | D:5      | Reached skill level 6 in Earth Magic
  4368 | D:5      | Reached skill level 6 in Poison Magic
  4551 | D:6      | HP: 10/62 [ogre/+0 giant spiked club (24)]
  4767 | D:6      | Reached XP level 9. HP: 57/67 MP: 0/0
  4767 | D:6      | Learned a level 3 spell: Ozocubu's Armour
  4802 | D:6      | Found a staircase to the Ecumenical Temple.
  4836 | Temple   | Entered the Ecumenical Temple
  5075 | D:6      | Reached skill level 7 in Spellcasting
  5075 | D:6      | Reached skill level 7 in Conjurations
  5075 | D:6      | Reached skill level 7 in Hexes
  5075 | D:6      | Reached skill level 7 in Summonings
  5075 | D:6      | Reached skill level 7 in Necromancy
  5075 | D:6      | Reached skill level 7 in Translocations
  5075 | D:6      | Reached skill level 7 in Transmutations
  5075 | D:6      | Reached skill level 7 in Fire Magic
  5075 | D:6      | Reached skill level 7 in Ice Magic
  5075 | D:6      | Reached skill level 7 in Air Magic
  5075 | D:6      | Reached skill level 7 in Earth Magic
  5075 | D:6      | Reached skill level 7 in Poison Magic
  5228 | D:6      | Found Zin's Purification Station.
  5232 | D:6      | Found a glowing silver altar of Zin.
  5237 | D:6      | Bought a potion of curing for 90 gold pieces
  5393 | D:6      | Found a sparkling altar of Nemelex Xobeh.
  5525 | D:6      | Identified the +2 robe of Light {rC+ Will+ rCorr}
  5701 | D:7      | Noticed a two-headed ogre
  5820 | D:7      | Killed a two-headed ogre
  5821 | D:7      | Reached skill level 8 in Spellcasting
  5821 | D:7      | Reached skill level 8 in Conjurations
  5821 | D:7      | Reached skill level 8 in Hexes
  5821 | D:7      | Reached skill level 8 in Summonings
  5821 | D:7      | Reached skill level 8 in Necromancy
  5821 | D:7      | Reached skill level 8 in Translocations
  5821 | D:7      | Reached skill level 8 in Transmutations
  5821 | D:7      | Reached skill level 8 in Fire Magic
  5821 | D:7      | Reached skill level 8 in Ice Magic
  5821 | D:7      | Reached skill level 8 in Air Magic
  5821 | D:7      | Reached skill level 8 in Earth Magic
  5821 | D:7      | Reached skill level 8 in Poison Magic
  6043 | D:7      | Identified the +1 scale mail "Pisalin" {Contam rPois rCorr
                  | Str-5}
  6084 | D:7      | Reached XP level 10. HP: 52/73 MP: 0/0
  6252 | D:7      | Reached skill level 9 in Spellcasting
  6252 | D:7      | Reached skill level 9 in Conjurations
  6252 | D:7      | Reached skill level 9 in Hexes
  6252 | D:7      | Reached skill level 9 in Summonings
  6252 | D:7      | Reached skill level 9 in Necromancy
  6252 | D:7      | Reached skill level 9 in Translocations
  6252 | D:7      | Reached skill level 9 in Transmutations
  6252 | D:7      | Reached skill level 9 in Fire Magic
  6252 | D:7      | Reached skill level 9 in Ice Magic
  6252 | D:7      | Reached skill level 9 in Air Magic
  6252 | D:7      | Reached skill level 9 in Earth Magic
  6252 | D:7      | Reached skill level 9 in Poison Magic
  7213 | D:8      | Noticed Psyche
  7218 | D:8      | Killed Psyche
  7242 | D:8      | Found a staircase to the Lair.
  7323 | D:8      | Noticed a two-headed ogre
  7332 | D:8      | Killed a two-headed ogre
  7333 | D:8      | Reached skill level 10 in Spellcasting
  7333 | D:8      | Reached skill level 10 in Conjurations
  7333 | D:8      | Reached skill level 10 in Hexes
  7333 | D:8      | Reached skill level 10 in Summonings
  7333 | D:8      | Reached skill level 10 in Necromancy
  7333 | D:8      | Reached skill level 10 in Translocations
  7333 | D:8      | Reached skill level 10 in Transmutations
  7333 | D:8      | Reached skill level 10 in Fire Magic
  7333 | D:8      | Reached skill level 10 in Ice Magic
  7333 | D:8      | Reached skill level 10 in Air Magic
  7333 | D:8      | Reached skill level 10 in Earth Magic
  7333 | D:8      | Reached skill level 10 in Poison Magic
  7471 | D:8      | Noticed Joseph
  7479 | D:8      | HP: 9/73 [Joseph/sling bullet (11)]
  7481 | D:8      | Noticed Maurice
  7482 | D:8      | Killed Joseph
  7492 | D:8      | HP: 18/73 [Maurice/sling bullet (2)]
  7740 | D:8      | Found a bloodstained altar of Trog.
  8571 | D:9      | Reached skill level 11 in Spellcasting
  8571 | D:9      | Reached skill level 11 in Conjurations
  8571 | D:9      | Reached skill level 11 in Hexes
  8571 | D:9      | Reached skill level 11 in Summonings
  8571 | D:9      | Reached skill level 11 in Necromancy
  8571 | D:9      | Reached skill level 11 in Translocations
  8571 | D:9      | Reached skill level 11 in Transmutations
  8571 | D:9      | Reached skill level 11 in Fire Magic
  8571 | D:9      | Reached skill level 11 in Ice Magic
  8571 | D:9      | Reached skill level 11 in Air Magic
  8571 | D:9      | Reached skill level 11 in Earth Magic
  8571 | D:9      | Reached skill level 11 in Poison Magic
  8572 | D:9      | HP: 16/73 [centaur/arrow (6)]
  8573 | D:9      | HP: 6/73 [centaur/arrow (9)]
  8822 | D:9      | Found Pyeti's Armour Shoppe.
  8824 | D:9      | Found a staircase to the Orcish Mines.
  8865 | D:8      | HP: 18/73 [killer bee (4)]
  8867 | D:8      | Reached XP level 11. HP: 17/78 MP: 0/0
  8867 | D:8      | Learned a level 5 spell: Arcjolt
  9445 | D:9      | Reached skill level 7 in Fighting
  9460 | D:8      | Killed Maurice
  9649 | D:9      | Reached skill level 8 in Fighting
  9878 | D:9      | Found a snail-covered altar of Cheibriados.
  9950 | D:9      | Identified +0 pearl dragon scales
  9951 | D:9      | G - +0 pearl dragon scales {rare=g}
 10063 | D:9      | You finish putting on your +0 pearl dragon scales {rare=g}.
 10068 | D:9      | You finish taking off your +0 pearl dragon scales {rare=g}.
 10091 | D:9      | Noticed Prince Ribbit
 10097 | D:9      | HP: 17/81 [large slime creature (34)]
 10104 | D:9      | HP: 15/81 [slime creature (5)]
 10105 | D:9      | HP: 6/81 [slime creature (9)]
 10123 | D:10     | Entered Level 10 of the Dungeon
 10346 | D:10     | Noticed Sonja
 10348 | D:9      | HP: 6/82 [slime creature (15)]
 10350 | D:9      | Slain by Prince Ribbit

Vanquished Creatures
  2 two-headed ogres
  Joseph (D:8)
  Maurice (D:8)
  Psyche (D:8)
  A troll (D:9)
  Grinder (D:3)
  A slime creature (D:10)
  A shadow (D:9)
  A wraith (D:9)
  A steam dragon (D:7)
  A water moccasin (D:6)
  4 orc warriors
  3 sky beasts
  A black bear (D:5)
  3 ogres
  5 centaurs
  A phantom (D:5)
  2 kobold brigands
  A bullfrog (D:7)
  5 scorpions
  4 wights
  6 killer bees
  5 jellies
  4 hounds
  2 orc priests
  3 sleepcaps
  Crazy Yiuf (D:4)
  6 iguanas
  6 orc wizards
  Robin (D:4)
  9 adders
  A river rat (D:6)
  2 shadow imps (D:7)
  A white imp (D:6)
  2 worms
  3 dart slugs
  21 orcs
  9 ball pythons
  3 bats
  6 endoplasms
  5 giant cockroaches
  17 goblins
  11 hobgoblins
  6 quokkas
  2 frilled lizards
  14 kobolds
  3 rats
190 creatures vanquished.

Vanquished Creatures (collateral kills)
  5 killer bees (D:9)
  An orc (D:9)
6 creatures vanquished.

Vanquished Creatures (others)
  An orc (D:9)
  10 foxfires (D:5)
11 creatures vanquished.

Grand Total: 207 creatures vanquished

Table legend:
 A = Non-vault XP
 B = Vault XP
 C = Vault XP percentage of total XP
 D = Non-vault monster count
 E = Vault monster count
 F = Vault count percentage of total count
                 A         B        C        D         E       F
            +---------+---------+-------+---------+---------+-------
      Total |    6871 |    2957 |  30.1 |     149 |      47 |  24.0
            +---------+---------+-------+---------+---------+-------
        D:1 |      23 |       0 |   0.0 |      13 |       0 |   0.0
        D:2 |      82 |       0 |   0.0 |      23 |       0 |   0.0
        D:3 |     122 |     278 |  69.5 |      13 |       6 |  31.6
        D:4 |     192 |      72 |  27.3 |      11 |      12 |  52.2
        D:5 |    1001 |     115 |  10.3 |      25 |       1 |   3.8
        D:6 |     491 |     290 |  37.1 |      12 |       9 |  42.9
        D:7 |    1723 |     156 |   8.3 |      21 |       3 |  12.5
        D:8 |    1144 |    1646 |  59.0 |       8 |       7 |  46.7
        D:9 |    1840 |     281 |  13.2 |      21 |       7 |  25.0
       D:10 |     239 |       0 |   0.0 |       1 |       0 |   0.0
     Temple |      14 |     119 |  89.5 |       1 |       2 |  66.7
            +---------+---------+-------+---------+---------+-------

Skill      XL: |  1  2  3  4  5  6  7  8  9 10 11 |
---------------+----------------------------------+-----
Spellcasting   | 3 4 6 8 11 | 11.3
Conjurations   | 3 4 6 8 11 | 11.3
Hexes          | 3 4 6 8 11 | 11.3
Summonings     | 3 4 6 8 11 | 11.3
Necromancy     | 3 4 6 8 11 | 11.3
Translocations | 3 4 6 8 11 | 11.3
Transmutations | 3 4 6 8 11 | 11.3
Fire Magic     | 3 4 6 8 11 | 11.3
Ice Magic      | 3 4 6 8 11 | 11.3
Air Magic      | 3 4 6 8 11 | 11.3
Earth Magic    | 3 4 6 8 11 | 11.3
Poison Magic   | 3 4 6 8 11 | 11.3
Fighting       | 5 6 8 |  8.4
Short Blades   | |  2.6

Action                     |  1- 3 |  4- 6 |  7- 9 | 10-12 || total
---------------------------+-------+-------+-------+-------++-------
  Melee: Short sword       |    23 |     2 |       |       ||    25
         Dagger            |       |       |    36 |       ||    36
         Punch             |       |       |     1 |       ||     1
   Cast: Scorch            |    25 |    60 |   155 |   119 ||   359
         Slow              |       |       |     3 |     3 ||     6
         Blink             |       |       |     1 |       ||     1
         Ozocubu's Armour  |       |       |       |     3 ||     3
         Arcjolt           |       |       |       |    10 ||    10
         Swiftness         |       |       |       |     1 ||     1
 Invoke: Fiery Armour      |       |       |     2 |       ||     2
         Foxfire Swarm     |       |       |     1 |       ||     1
         Rising Flame      |       |       |     1 |       ||     1
  Evoke: Wand              |       |       |       |    16 ||    16
         Tin of tremorston |       |       |       |     1 ||     1
    Use: Scroll            |       |       |       |    19 ||    19
         Potion            |       |       |       |     3 ||     3
 Armour: Robe              |     3 |       |     6 |    42 ||    51
         Leather armour    |     4 |     5 |    62 |       ||    71
  Dodge: Dodged            |    10 |    14 |    93 |    88 ||   205

Illustrated notes

Table legend:
 A = Kills in this place as a percentage of kills in the entire game.
 B = Kills by you in this place as a percentage of kills by you in the entire game.
 C = Kills by friends in this place as a percentage of kills by friends in the entire game.
 D = Other kills in this place as a percentage of other kills in the entire game.
 E = Experience gained in this place as a percentage of experience gained in the entire game.
 F = Experience gained in this place divided by the number of levels of this place that you have seen.
                   A       B       C       D       E      F
               +-------+-------+-------+-------+-------+----------------------
         Total | 100.0 | 100.0 | 100.0 |   N/A | 100.0 | 893.5
       Dungeon |  98.5 |  98.4 | 100.0 |   N/A |  98.6 | 969.5
        Temple |   1.5 |   1.6 |   0.0 |   N/A |   1.4 | 133.0
               +-------+-------+-------+-------+-------+----------------------

Table legend: (Time is in decaauts)
 A = Elapsed time spent in this place.
 B = Non-inter-level travel time spent in this place.
 C = Inter-level travel time spent in this place.
 D = Time resting spent in this place.
 E = Time spent auto-exploring this place.
 F = Levels seen in this place.
 G = Mean time per level.
                   A        B        C        D        E       F      G
               +--------+--------+--------+--------+--------+-----+--------+
         Total |  10340 |   9956 |    384 |   3295 |   5288 |  11 |  940.0 |
       Dungeon |  10261 |   9877 |    384 |   3226 |   5288 |  10 | 1026.1 |
        Temple |     79 |     79 |      0 |     69 |      0 |   1 |   79.0 |
               +--------+--------+--------+--------+--------+-----+--------+

Top non-repeatable levels by time:
     D:7: 1705 daAuts
     D:8: 1432 daAuts
     D:9: 1249 daAuts
     D:5: 1153 daAuts
     D:3: 1058 daAuts
     D:4: 1034 daAuts
     D:6: 916 daAuts
     D:2: 909 daAuts
     D:1: 583 daAuts
    D:10: 218 daAuts
  Temple: 79 daAuts
